 Dungeon Crawl Stone Soup version 0.32-a0-918-g0f22ef8d61 (webtiles) character file.

Game seed: 16092903441921267160

67 innerfire43 the Slasher (level 4, -3/33 HPs)
             Began as a Demonspawn Wanderer on Apr 10, 2024.
             Succumbed to Terence's poison
             ... on level 3 of the Dungeon.
             The game lasted 00:01:55 (1335 turns).

innerfire43 the Slasher (Demonspawn Wanderer)       Turns: 1335, Time: 00:01:56

Health: -3/33      AC:  4    Str:  9    XL:     4   Next: 0%
Magic:  5/5        EV: 10    Int: 17    God:
Gold:   103        SH:  0    Dex: 11    Spells: 5/5 levels left

rFire   . . .        a - +2 falchion
rCold   + . .        (no shield)
rNeg    . . .        d - +0 robe
rPois   .            (no helmet)
rElec   .            b - +0 cloak
rCorr   .            (no gloves)
SInv    .            (no boots)
Will    .....        k - amulet of faith
Stlth   +            e - ring of protection from cold
HPRegen 0.25/turn    (no ring)
MPRegen 0.09/turn

%: clarity, faith
@: lethally poisoned (-3 -> -28), hasted, very quick
A: spiny 1, sharp scales 1, clarity, weak 1
a: no special abilities


You were on level 3 of the Dungeon.
You visited 1 branch of the dungeon, and saw 3 of its levels.

You collected 103 gold pieces.

Inventory:

Hand Weapons
 a - a +2 falchion (weapon)
Armour
 b - a +0 cloak (worn)
 d - a +0 robe (worn)
Jewellery
 e - a ring of protection from cold (left hand)
 k - an amulet of faith (around neck)
 l - the ring "Neada Zui" {Fire rN+ SInv}
   (You found it on level 2 of the Dungeon)

   [ring of fire]

   Fire:      It enhances your fire magic.
   rF+:       It protects you from fire.
   rC-:       It makes you vulnerable to cold.
   rN+:       It protects you from negative energy.
   SInv:      It lets you see invisible.
 m - an amulet of reflection
Scrolls
 c - 2 scrolls of blinking
 f - a scroll of immolation
 g - 2 scrolls of enchant armour {unknown}
 i - a scroll of fog {unknown}
 j - 2 scrolls of identify {unknown}
 o - a scroll of teleportation {unknown}
 p - a scroll of poison {unknown}
Potions
 h - a potion of mutation
 q - 2 potions of curing {unknown}


   Skills:
 * Level 2.1 Fighting
 + Level 3.9 Long Blades
 + Level 1.7 Armour
 - Level 1.0 Stealth
 - Level 1.0 Spellcasting
 - Level 1.7 Air Magic
 + Level 2.4 Invocations


You had 5 spell levels left.
You didn't know any spells.
Your spell library contained the following spells:

 Spells                   Type           Power      Damage    Failure   Level
 Static Discharge         Conj/Air       6%         3-4/arc   22%         2
 Cigotuvi's Dreadful Rot  Necr/Alch/Air  4%         N/A       26%         2


Dungeon Overview and Level Annotations

Branches:
Dungeon (2/15)

Altars:

Annotations:
D:3 Terence


Innate Abilities, Weirdness & Mutations

You are partially covered in sharp spines.
You are partially covered in razor-sharp scales. (AC +1, Slay +1)
You possess an exceptional clarity of mind.
You are weak. (Str -2)


Message History

No target in view!
You see here a staff of cold.
Found a ring mail.
There is a stone staircase leading down here.
A phantom and a goblin come into view.
Found 8 gold pieces.
The phantom moves out of view.
A goblin is nearby!
A goblin is nearby!
Terence the Incautious comes into view.
He is wielding a +1 trident of venom.
The goblin shouts!
You hit the goblin.
The goblin is moderately wounded.
Terence closely misses you. The goblin is struck by your spines.
You kill the goblin!
You have reached level 4!
You feel stronger. The phantom is struck by your spines.
The phantom hits you but does no damage.
Terence barely misses you.
You see here a +0 dagger.
You hit the phantom.
The phantom is moderately damaged.
The phantom barely misses you. Terence is struck by your spines.
Terence hits you with a +1 trident of venom.
You are poisoned.
You slash the phantom!
The phantom is heavily damaged.
You feel very sick. The phantom barely misses you.
Terence hits you with a +1 trident of venom!
You are more poisoned.
You barely miss the phantom.
The phantom is heavily damaged.
You feel very sick. The phantom hits you. Terence is struck by your spines.
Terence hits you with a +1 trident of venom!
* * * LOW HITPOINT WARNING * * *
You are more poisoned.
It was a potion of haste.
You feel yourself speed up.
You die...

#..........#
#..........#
#..........#
#..........#
####..........#
##........>..).# ####
...............####[...#
.#.#.......|>...........
.....††#########@.#.#.#
.#.#.#.####### #@W....#
.....#........ #..#.#.#
######.######. ##..$..#
#..# ###.## #.## ... #.#
.## #.# # #.#######


You could see a phantom and Terence.

Vanquished Creatures
  Natasha (D:3)
  An adder (D:3)
  A dart slug (D:2)
  4 bats
  3 endoplasms
  A giant cockroach (D:2)
  3 goblins
  5 hobgoblins
  4 kobolds
  A quokka (D:2)
  A ball python (D:1)
  6 rats
31 creatures vanquished.

Notes
Turn   | Place    | Note
-------+----------+-------------------------------------------
     0 | D:1      | innerfire43 the Demonspawn Wanderer began the quest for the
                  | Orb.
     0 | D:1      | innerfire43 set off with the following items: a +2
                  | falchion, a +0 cloak, a scroll of blinking, a +0 robe; and
                  | the following spells available to memorise: Static
                  | Discharge, Cigotuvi's Dreadful Rot.
     0 | D:1      | Reached XP level 1. HP: 13/13 MP: 2/2
    26 | D:1      | Found a faded altar of an unknown god.
   320 | D:1      | Gained mutation: You are partially covered in sharp spines.
                  | [demonic ancestry]
   320 | D:1      | Reached XP level 2. HP: 20/20 MP: 3/3
   382 | D:1      | Reached skill level 1 in Fighting
   867 | D:2      | Identified the ring "Neada Zui" {Fire rN+ SInv}
  1060 | D:2      | Gained mutation: You are partially covered in razor-sharp
                  | scales. (AC +1, Slay +1) [demonic ancestry]
  1060 | D:2      | Reached XP level 3. HP: 24/26 MP: 4/4
  1147 | D:2      | You fall into a shaft and drop 1 floor!
  1208 | D:3      | Noticed Natasha
  1217 | D:3      | Killed Natasha
  1218 | D:3      | Gained mutation: You possess an exceptional clarity of
                  | mind. [potion of mutation]
  1218 | D:3      | Gained mutation: You are weak. (Str -2) [potion of
                  | mutation]
  1328 | D:3      | Noticed a phantom
  1329 | D:3      | Noticed Terence
  1331 | D:3      | Reached XP level 4. HP: 33/33 MP: 5/5
  1335 | D:3      | Succumbed to Terence's poison

Illustrated notes

Levels and vault maps discovered:
D:1:      ncdulo_watergridlock, layout_basic, hellmonk_ecumenical_altar_blasted,
          minmay_hedge_maze, minivault_19
D:2:      layout_basic, serial_glass, glass_columns_a, glass_columns_b,
          glass_columns_b, glass_columns_b, glass_columns_b, glass_columns_a,
          minmay_misc_feat_cross, minmay_misc_feat_chi
D:3:      layout_rooms, serial_glass, glass_columns_a, glass_columns_a,
          uniq_natasha, uniq_terence

Skill      XL: |  1  2  3 |
---------------+----------+-----
Fighting       | 1 2 |  2.1
Invocations    | 2 |  2.4
Long Blades    | |  3.9
Armour         | |  1.7
Stealth        | |  1.0
Spellcasting   | |  1.0
Air Magic      | |  1.7

Action                     |  1- 3 |  4- 6 || total
---------------------------+-------+-------++-------
  Melee: Falchion          |    64 |     3 ||    67
    Use: Potion            |     1 |     1 ||     2
   Stab: Sleeping          |     1 |       ||     1
 Armour: Robe              |    48 |     5 ||    53
  Dodge: Dodged            |    32 |     3 ||    35

Table legend: (Time is in decaauts)
 A = Elapsed time spent in this place.
 B = Non-inter-level travel time spent in this place.
 C = Inter-level travel time spent in this place.
 D = Time resting spent in this place.
 E = Time spent auto-exploring this place.
 F = Levels seen in this place.
 G = Mean time per level.
                   A        B        C        D        E       F      G
               +--------+--------+--------+--------+--------+-----+--------+
         Total |   1350 |   1342 |      8 |      0 |   1107 |   3 |  450.0 |
       Dungeon |   1350 |   1342 |      8 |      0 |   1107 |   3 |  450.0 |
               +--------+--------+--------+--------+--------+-----+--------+

Top non-repeatable levels by time:
     D:1: 702 daAuts
     D:2: 450 daAuts
     D:3: 197 daAuts
